AoeStats
← ivcrk826

Enclosed

506830599Analyzed
1v1 RM · 16d ago on Sep 15, 2026· 67m 23s· 2 players
Game mode
Random Map
Map size
Tiny (2 player)
Population
200
Speed
Normal
Resources
Standard
Victory
Conquest
Starting age
Dark Age
Ending age
Imperial Age
RankedLock teamsTeams togetherTeam positionsShared explorationLock speedFull tech treeHidden civsTurbo modeCheats
Victory
Defeat
🇦🇷 Italians · Argentina
1126
+17
🇦🇷 Koreans · Argentina
1148
-17
??
9:00 Loom
11:53 Feudal Age
13:39 Double-Bit Axe
16:58 Castle Age
15:34 Horse Collar
15:50 Stone Mining
16:03 Fletching
19:21 Wheelbarrow
18:31 Town Watch
22:40 Town Watch
25:11 Bow Saw
26:31 Padded Archer Armor
26:55 Gold Mining
29:48 Ballistics
29:25 Bodkin Arrow
29:46 Leather Archer Armor
31:29 Stone Shaft Mining
35:06 Imperial Age
34:14 Thumb Ring
34:30 Scale Mail Armor
34:40 Forging
34:40 Squires
34:25 Arson
35:31 Heavy Plow
36:07 Pirotechnia
36:18 Conscription
36:15 Chain Mail Armor
36:36 Iron Casting
36:02 Bracer
37:28 Elite Genoese Crossbowman
39:41 Ring Archer Armor
40:14 Chemistry
39:11 Elite Genoese Crossbowman
46:51 Plate Mail Armor
47:22 Blast Furnace
53:59 Two-Man Saw
ivcrk826
7:07 Loom
10:32 Feudal Age
13:29 Double-Bit Axe
17:35 Castle Age
18:43 Bow Saw
23:49 Wheelbarrow
24:29 Town Watch
32:59 Imperial Age
32:32 Ballistics
35:06 Chemistry
34:02 Fletching
34:17 Husbandry
34:25 Thumb Ring
35:17 Bodkin Arrow
36:15 Conscription
40:10 Bracer
43:32 Elite War Wagon
51:11 Elite Skirmisher
53:17 Horse Collar
58:39 Heavy Plow
Connection lost

Rejoining the realm…

Still unreachable

The connection could not be restored.

Session expired

The server has moved on; the page needs a fresh start.